 Dungeon Crawl Stone Soup version 0.26.1-15-g04117e645d (webtiles) character file.

Game seed: 5490196545078844313

20294 tkbsonic5 the Fighter (level 12, -1/87 HPs)
             Began as a Demonspawn Monk on Dec 27, 2022.
             Was an Elder of Nemelex Xobeh.
             Succumbed to lake5's ghost's poison
             ... on level 1 of the Lair of Beasts on Dec 29, 2022.
             The game lasted 01:01:58 (15458 turns).

tkbsonic5 the Fighter (Demonspawn Monk)            Turns: 15458, Time: 01:01:58

Health: -1/87      AC: 29    Str: 18    XL:     12   Next: 44%
Magic:  17/17      EV:  9    Int: 11    God:    Nemelex Xobeh [****..]
Gold:   1052       SH:  0    Dex: 16    Spells: 11/11 levels left

rFire    . . .     SeeInvis +   m - +1 trident (venom)
rCold    . . .     Faith    +   (no shield)
rNeg     . . .     Spirit   .   c - +4 plate armour
rPois    .         Reflect  .   (helmet restricted)
rElec    .         Harm     .   J - +0 cloak
rCorr    .         Rampage  .   w - +2 pair of gloves of Honesty {Str+3}
Will     .....                  h - +0 pair of boots
Stlth    ..........             n - amulet of faith
HPRegen  0.24/turn              p - +4 ring of protection
MPRegen  0.15/turn              M - ring of see invisible

@: lethally poisoned (-1 -> -38), studying Short Blades
A: antennae 1, hooves 2, yellow scales 1, dopey 1, frail 1, sense surroundings
1, powered by death 3
a: Renounce Religion, Draw Escape, Draw Destruction, Draw Summoning, Triple
Draw, Deal Four


You were on level 1 of the Lair of Beasts.
You worshipped Nemelex Xobeh.
Nemelex Xobeh was greatly pleased with you.
You visited 3 branches of the dungeon, and saw 12 of its levels.

You collected 1054 gold pieces.
You spent 2 gold pieces at shops.

Inventory:

Hand Weapons
 m - a +1 trident of venom (weapon)
 q - a +0 trident
 A - a +0 glaive
 L - a +0 hand crossbow
 U - the +8 hunting sling "Beastslayer" {freeze, rF+ Int+4 Dex-3}
   (You found it on level 1 of the Lair of Beasts)

   It causes projectiles fired from it to freeze those they strike, causing
   extra injury to most foes and up to half again as much damage against
   particularly susceptible opponents.
   They can also slow down cold-blooded creatures.
   It affects your intelligence (+4).
   It affects your dexterity (-3).
   It protects you from fire.
 V - the +0 spear of Floods {flame, +Inv rElec rF+++ Dex-5}
   (You found it on level 1 of the Lair of Beasts)

   It has been specially enchanted to burn those struck by it, causing extra
   injury to most foes and up to half again as much damage against particularly
   susceptible opponents.
   It affects your dexterity (-5).
   It renders you almost immune to fire.
   It insulates you from electricity.
   It lets you turn invisible.
Missiles
 f - 122 bolts
 i - 214 arrows
 s - 6 atropa-tipped darts
 D - 19 boomerangs (quivered)
 N - 18 poisoned darts
Armour
 c - a +4 plate armour (worn)
 h - a +0 pair of boots (worn)
 w - the +2 pair of gloves of Honesty (worn) {Str+3}
   (You found it on level 4 of the Dungeon)

   It affects your strength (+3).
 y - +0 acid dragon scales
 J - a +0 cloak (worn)
 R - +0 steam dragon scales
 T - the +2 scale mail of Weightlessness {-Tele rElec rF+ Will+++}
   (You found it on level 1 of the Lair of Beasts)

   It protects you from fire.
   It insulates you from electricity.
   It affects your willpower, your defense against some magical effects.
   It prevents most forms of teleportation.
Jewellery
 g - an uncursed ring of wizardry
 k - an uncursed ring of ice
 n - an amulet of faith (around neck)
 p - a +4 ring of protection (left hand)
 t - an uncursed amulet of guardian spirit
 B - an uncursed ring of resist corrosion
 M - a ring of see invisible (right hand)
Wands
 d - a wand of enslavement (4)
 G - a wand of iceblast (10)
Scrolls
 e - 8 scrolls of teleportation
 E - 2 scrolls of remove curse
 K - 4 scrolls of magic mapping
 P - a scroll of amnesia
Potions
 S - a potion of flight
Books
 C - a manual of Short Blades
Miscellaneous
 Q - a phantom mirror (inert)


   Skills:
 * Level 9.7 Fighting
 * Level 9.0 Polearms
 * Level 1.6(4.8) Slings
 + Level 7.2(7.3) Throwing
 + Level 7.3 Armour
 + Level 6.4 Dodging
 - Level 1.7 Stealth
 * Level 7.8 Invocations
 * Level 7.8 Evocations


You had 11 spell levels left.
You didn't know any spells.
Your spell library contained the following spells:

 Spells                   Type           Power        Failure   Level
 Corona                   Hex            0%           100%        1
 Sting                    Tmut/Pois      0%           100%        1
 Blink                    Tloc           N/A          100%        2
 Ensorcelled Hibernation  Hex/Ice        0%           100%        2
 Confusing Touch          Hex            0%           100%        3
 Dazzling Flash           Conj/Hex       0%           100%        3
 Gell's Gravitas          Tloc           0%           100%        3
 Ignite Poison            Fire/Tmut/Pois 0%           100%        3
 Lesser Beckoning         Tloc           0%           100%        3
 Teleport Other           Tloc           0%           100%        3
 Tukima's Dance           Hex            0%           100%        3
 Passage of Golubria      Tloc           N/A          100%        4
 Blade Hands              Tmut           0%           100%        5
 Haunt                    Necr/Summ      0%           100%        7
 Borgnjor's Revivificati  Necr           0%           100%        8
 Infestation              Necr           0%           100%        8
 Necromutation            Tmut/Necr      0%           100%        8
 Death's Door             Necr           0%           100%        9


Dungeon Overview and Level Annotations

Branches:
Dungeon (11/15)            Temple (1/1) D:7            Lair (1/6) D:10
    Orc (0/2) D:11

Altars:
Ashenzari
Cheibriados
Dithmenos
Elyvilon
Fedhas
Hepliaklqana
Kikubaaqudgha
Nemelex Xobeh
Okawaru
Qazlal
Ru
Sif Muna
Trog
Uskayaw
Vehumet
Wu Jian
Xom
Yredelemnul
Zin
The Shining One
Beogh

Shops:
D:4 *   D:5 :

Portals:
Bazaar: D:11

Annotations:
D:3 exclusion: oklob plant
D:5 3 runed translucent doors, ty64800's ghost, weakling HuDe
D:11 4 runed translucent doors
Lair:1 lake5's ghost, novice GrEE


Innate Abilities, Weirdness & Mutations

You have hoof-like feet.
You are partially covered in yellow scales. (AC +2)
You regenerate a lot of health from kills.
You have a pair of small antennae on your head.
You are dopey. (Int -2)
You are frail. (-10% HP)
You passively map a small area around you.


Message History

Lake5's ghost is heavily damaged.
* * * LOW HITPOINT WARNING * * *
You feel sick.
Lake5's ghost hits you but does no damage.
You are more poisoned.
You hit lake5's ghost.
Lake5's ghost is severely damaged.
* * * LOW HITPOINT WARNING * * *
You feel sick.
Lake5's ghost hits you but does no damage.
You are more poisoned.
You closely miss lake5's ghost.
Lake5's ghost is severely damaged.
* * * LOW HITPOINT WARNING * * *
You feel very sick.
Lake5's ghost hits you but does no damage.
You barely miss lake5's ghost.
Lake5's ghost is severely damaged.
You die...
Your body glows with a rainbow of weird colours and disappears.

##..# #..#.# ###..†
##..##
#.#..###...#. #..##
#######.......#P#.
##.##
##.##.###.....####.
##.##
#P............## #.
##.##
##..####.......####
#..# #.###
###......### ...#
##.#.# #.....###.
#..# #.@.##
#......... #.##
##W## ##........
#..# #.(.#
#..##.... #P.#
#.(.# #####....
##.## #.≈.# #....
#..# #.≈.#
#####.... ##.##
#.($# ####........
#..# #####
#P.......... ##.#
###...........


You could see lake5's ghost.

Vanquished Creatures
  A fire dragon (D:11)
  Josephine (D:10)
  Fannar (D:10)
  3 hydras (Lair:1)
  3 two-headed ogres
  2 unseen horrors
  Pikel (D:4)
  2 manticores (D:11)
  A cyclops (D:11)
  Joseph (D:10)
  A gargoyle (D:10)
  A cane toad (Lair:1)
  4 komodo dragons
  A troll (D:11)
  A hornet (D:7)
  3 blink frogs (Lair:1)
  4 yaks
  2 wyverns
  3 wraiths
  A steam dragon (D:11)
  A vampire mosquito (D:11)
  An acid dragon (D:11)
  3 water moccasins
  A sky beast (D:8)
  5 orc warriors
  3 ice beasts
  A black bear (Lair:1)
  4 wolves (Lair:1)
  7 ogres
  4 centaurs
  2 lemures
  3 big kobolds (D:3)
  12 bullfrogs
  A wyvern skeleton (D:11)
  4 scorpions
  6 killer bees
  5 wights
  2 quasits
  5 howler monkeys
  5 hounds
  A centaur skeleton (D:3)
  4 jellies
  5 orc wizards
  8 orc priests
  A bullfrog skeleton (D:5)
  2 iguanas
  Ijyb (D:4)
  14 worker ants
  A killer bee zombie (D:8)
  2 hound zombies
  A howler monkey zombie (D:10)
  18 gnolls
  A worker ant zombie (D:7)
  12 adders
  5 shadow imps
  An ufetubus (D:5)
  9 oozes
  An adder skeleton (D:6)
  2 worms
  A dart slug (D:3)
  4 leopard geckos
  39 orcs
  2 bats
  4 giant cockroaches
  47 goblins
  22 hobgoblins
  12 jackals
  7 quokkas
  2 ball pythons
  3 frilled lizards
  16 kobolds
  A leopard gecko zombie (D:8)
  A quokka zombie (D:5)
  7 rats
369 creatures vanquished.

Vanquished Creatures (collateral kills)
  A boulder beetle (D:11)
  A gargoyle (D:10)
  2 wraiths
  A wolf (Lair:1)
  A gnoll sergeant (D:8)
  2 killer bees (D:8)
  2 wights (D:10)
  A howler monkey (D:10)
  An electric eel (D:11)
  A jelly (D:10)
  A bullfrog zombie (D:8)
  An orc priest (D:10)
  An orc wizard (D:8)
  An adder (D:8)
  3 orcs (D:11)
20 creatures vanquished.

Vanquished Creatures (others)
  10 fungi (D:2)
  A plant (Temple)
  7 toadstools (D:2)
18 creatures vanquished.

Grand Total: 407 creatures vanquished

Notes
Turn   | Place    | Note
-------+----------+-------------------------------------------
     0 | D:1      | tkbsonic5 the Demonspawn Monk began the quest for the Orb.
     0 | D:1      | Reached XP level 1. HP: 18/18 MP: 1/1
   605 | D:1      | Gained mutation: You are partially covered in yellow
                  | scales. (AC +2) [demonic ancestry]
   605 | D:1      | Reached XP level 2. HP: 24/24 MP: 2/2
   901 | D:2      | Found a snail-covered altar of Cheibriados.
  1146 | D:2      | Gained mutation: You regenerate a little health from kills.
                  | [demonic ancestry]
  1146 | D:2      | Reached XP level 3. HP: 14/29 MP: 3/3
  1677 | D:2      | Reached skill level 1 in Armour
  2115 | D:2      | Reached XP level 4. HP: 37/37 MP: 4/4
  2167 | D:2      | Reached XP level 5. HP: 38/42 MP: 5/5
  2430 | D:2      | Found a sacrificial altar of Ru.
  2776 | D:3      | Reached skill level 1 in Throwing
  3105 | D:3      | Gained mutation: You have large cloven feet. [demonic
                  | ancestry]
  3105 | D:3      | Reached XP level 6. HP: 48/48 MP: 6/6
  3694 | D:3      | Reached XP level 7. HP: 41/55 MP: 7/7
  3873 | D:3      | Found a blossoming altar of Fedhas.
  3884 | D:3      | Noticed an oklob plant
  3990 | D:3      | Found a glowing silver altar of Zin.
  4218 | D:3      | Reached skill level 5 in Fighting
  4880 | D:4      | Found a bloodstained altar of Trog.
  5059 | D:4      | Reached skill level 5 in Polearms
  5260 | D:4      | Noticed Ijyb
  5303 | D:4      | Found Sumiyxto's Lightly-Used Armoury.
  5310 | D:4      | Bought a -3 demon trident for 1 gold piece
  5310 | D:4      | Bought a -3 bardiche for 1 gold piece
  5325 | D:4      | Got a pair of faintly humming gloves
  5331 | D:4      | Identified the +2 pair of gloves of Honesty {Str+3} (You
                  | found it on level 4 of the Dungeon)
  5508 | D:4      | Gained mutation: You passively map a small area around you.
                  | [potion of mutation]
  5508 | D:4      | Gained mutation: You are dopey. (Int -2) [potion of
                  | mutation]
  5508 | D:4      | Gained mutation: You are frail. (-10% HP) [potion of
                  | mutation]
  5508 | D:4      | Gained mutation: You have a pair of small antennae on your
                  | head. [potion of mutation]
  5523 | D:4      | Killed Ijyb
  5957 | D:5      | Entered Level 5 of the Dungeon
  6035 | D:5      | Found Ytugewose's Book Emporium.
  6105 | D:5      | Found a glowing golden altar of the Shining One.
  6162 | D:5      | Reached XP level 8. HP: 56/56 MP: 8/8
  6239 | D:5      | Found a runed translucent gate.
  6239 | D:5      | Found a runed translucent gate.
  6239 | D:5      | Found a runed translucent gate.
  6248 | D:5      | Noticed ty64800's ghost (weakling HuDe)
  6338 | D:5      | Noticed Pikel
  6411 | D:4      | Killed Pikel
  6412 | D:4      | Reached skill level 1 in Evocations
  7777 | D:7      | Gained mutation: You have hoof-like feet. [demonic
                  | ancestry]
  7777 | D:7      | Reached XP level 9. HP: 58/63 MP: 9/9
  7988 | D:7      | Reached skill level 5 in Armour
  8169 | D:7      | Found a white marble altar of Elyvilon.
  8871 | D:7      | Found a staircase to the Ecumenical Temple.
  8890 | Temple   | Entered the Ecumenical Temple
  8928 | Temple   | Became a worshipper of Nemelex Xobeh the Trickster
  8928 | Temple   | Reached * piety under Nemelex Xobeh
  8928 | Temple   | Received a gift from Nemelex Xobeh
  8928 | Temple   | Reached ** piety under Nemelex Xobeh
  9206 | D:7      | Found a basalt altar of Yredelemnul.
  9367 | D:7      | Found a shimmering blue altar of Sif Muna.
  9381 | D:7      | Found an ornate altar of the Wu Jian Council.
  9784 | D:8      | Noticed a two-headed ogre
  9800 | D:8      | Killed a two-headed ogre
  9801 | D:8      | Reached skill level 5 in Dodging
  9801 | D:8      | Reached XP level 10. HP: 71/71 MP: 10/10
 10094 | D:8      | Found a roughly hewn altar of Beogh.
 10171 | D:8      | Noticed a two-headed ogre
 10180 | D:8      | Killed a two-headed ogre
 10181 | D:8      | Reached skill level 5 in Throwing
 10181 | D:8      | Reached skill level 1 in Invocations
 10181 | D:8      | Reached skill level 5 in Evocations
 10283 | D:8      | Received a gift from Nemelex Xobeh
 10410 | D:8      | Identified the -2 quarterstaff "Pokus" {freeze, rPois MP+9}
 10579 | D:8      | You fall into a shaft and drop 2 floors!
 10579 | D:10     | Entered Level 10 of the Dungeon
 10582 | D:10     | Noticed an unseen horror
 10614 | D:10     | Killed an unseen horror
 10650 | D:10     | Reached *** piety under Nemelex Xobeh
 10811 | D:10     | Noticed Josephine
 11071 | D:10     | Killed Josephine
 11094 | D:10     | Gained mutation: You regenerate health from kills. [demonic
                  | ancestry]
 11094 | D:10     | Reached XP level 11. HP: 59/77 MP: 9/14
 11176 | D:10     | Received a gift from Nemelex Xobeh
 11181 | D:10     | Found a staircase to the Lair.
 11495 | D:10     | Noticed Joseph
 11543 | D:10     | Killed Joseph
 11589 | D:10     | Noticed Fannar
 11595 | D:10     | Killed Fannar
 11826 | D:11     | Reached skill level 5 in Invocations
 12123 | D:11     | Noticed a two-headed ogre
 12134 | D:11     | Killed a two-headed ogre
 12265 | D:11     | Found a staircase to the Orcish Mines.
 12593 | D:11     | Received a gift from Nemelex Xobeh
 12624 | D:11     | Noticed a boulder beetle
 12642 | D:11     | Killed a boulder beetle
 12952 | D:11     | Noticed an unseen horror
 13010 | D:11     | Killed an unseen horror
 13088 | D:11     | Found a gateway to a bazaar.
 13107 | D:11     | Found a sacrificial altar of Ru.
 13216 | D:11     | Noticed a fire dragon
 13456 | D:11     | Found a large runed translucent door.
 13457 | D:11     | Found a large runed translucent door.
 13459 | D:11     | Noticed a cyan ugly thing
 13459 | D:11     | Noticed a two-headed ogre
 13575 | D:11     | Reached **** piety under Nemelex Xobeh
 13577 | D:11     | Found a large runed translucent door.
 13577 | D:11     | Found a large runed translucent door.
 13722 | D:11     | Gained mutation: You regenerate a lot of health from kills.
                  | [demonic ancestry]
 13722 | D:11     | Reached XP level 12. HP: 85/85 MP: 17/17
 13808 | D:11     | Killed a fire dragon
 14369 | Lair:1   | Entered Level 1 of the Lair of Beasts
 14464 | Lair:1   | Identified the Tome of Transmigration
 14484 | Lair:1   | Got a bloodstained scale mail
 14485 | Lair:1   | Identified the +2 scale mail of Weightlessness {-Tele rElec
                  | rF+ Will+++} (You found it on level 1 of the Lair of
                  | Beasts)
 14691 | Lair:1   | Received a gift from Nemelex Xobeh
 14803 | Lair:1   | Got a fine hunting sling
 14804 | Lair:1   | Identified the +8 hunting sling "Beastslayer" {freeze, rF+
                  | Int+4 Dex-3} (You found it on level 1 of the Lair of
                  | Beasts)
 14876 | Lair:1   | Noticed an eight-headed hydra
 14883 | Lair:1   | Killed an eight-headed hydra
 14892 | Lair:1   | Noticed an eight-headed hydra
 14897 | Lair:1   | Reached skill level 1 in Slings
 14914 | Lair:1   | Killed an eight-headed hydra
 15261 | Lair:1   | Got a crystal spear
 15262 | Lair:1   | Identified the cursed +0 spear of Floods {flame, +Inv rElec
                  | rF+++ Dex-5} (You found it on level 1 of the Lair of
                  | Beasts)
 15278 | Lair:1   | Noticed a seven-headed hydra
 15290 | Lair:1   | Killed a seven-headed hydra
 15318 | Lair:1   | Found a runed translucent door.
 15322 | Lair:1   | Noticed lake5's ghost (novice GrEE)
 15456 | Lair:1   | HP: 4/87 [poisoned by lake5's ghost]
 15457 | Lair:1   | HP: 1/87 [poisoned by lake5's ghost]
 15458 | Lair:1   | Succumbed to lake5's ghost's poison

Illustrated notes

Levels and vault maps discovered:
D:1:      sevenhm_arrival_forest_fort_small_3, layout_basic
D:2:      cheibrodos_fertilizer, layout_loops_corners,
          overflow_temple_1_default, cheibriados_altar_1,
          kennysheep_minor_cross, grunt_ministairs_12
D:3:      minmay_goblin_kobold_castle, layout_basic, tgw_fedhas, zin_statuary,
          serial_glass, glass_columns_b, glass_columns_b, due_unseen_surprise
D:4:      kennysheep_the_goblin_king, layout_basic, kennysheep_mini_moat,
          minmay_shop_damaged
D:5:      layout_gridville, tso_metal_star, ebering_ghost_rock_garden,
          serial_shops, nicolae_shop_stone, minmay_manual_monstrance, uniq_pikel
D:6:      layout_basic
D:7:      layout_layer_cave, marbit_many_paths, lemuel_doored_altar,
          general_overflow_altar, nzn_wu_jian_council_hall,
          minmay_temple_entry_ruins
D:8:      minmay_clustersquares, layout_gridville, makhleb_altar_promises_db,
          special_room [special_room_orc]
D:10:     layout_loops_ring, lair_entry_dummy, uniq_fannar, uniq_josephine,
          uniq_joseph
D:11:     dragon1_lemuel, layout_layer_cave, david_orc_3, basic_altar,
          serial_shops, bzr_entry_gold, minmay_hollow_rounded_squares
Temple:   cyrus_temple_forest
Lair:1:   layout_cave_pods, ebering_ghost_reflecting_pool, minivault_19,
          st_stairs_6

Skill      XL: |  1  2  3  4  5  6  7  8  9 10 11 12 |
---------------+-------------------------------------+-----
Polearms       | 3 4 5 6 7 8 9 |  9.0
Armour         | 1 2 3 4 6 7 |  7.3
Dodging        | 3 4 5 6 |  6.4
Fighting       | 4 5 6 7 8 9 |  9.7
Throwing       | 1 2 3 4 5 6 7 |  7.2
Evocations     | 2 4 5 7 |  7.8
Invocations    | 4 6 7 |  7.8
Slings         | 1 |  1.6
Stealth        | |  1.7

Action                   |  1- 3 |  4- 6 |  7- 9 | 10-12 || total
-------------------------+-------+-------+-------+-------++-------
Melee: Spear             |   183 |   415 |       |       ||   598
       Kick              |       |    33 |    88 |     4 ||   125
       Halberd           |       |     8 |   212 |     3 ||   223
       Trident           |       |       |   126 |   619 ||   745
       Glaive            |       |       |    67 |    55 ||   122
       Bardiche          |       |       |    11 |       ||    11
       Whip              |       |       |     9 |       ||     9
 Fire: Hunting sling     |       |       |       |    63 ||    63
Throw: Throwing net      |       |     4 |       |       ||     4
       Dart              |       |       |    12 |       ||    12
       Boomerang         |       |       |    29 |    86 ||   115
Invok: Draw Destruction  |       |       |     4 |    13 ||    17
       Draw Summoning    |       |       |     2 |    12 ||    14
       Draw Escape       |       |       |     2 |     5 ||     7
       Triple Draw       |       |       |       |     2 ||     2
       Deal Four         |       |       |       |     1 ||     1
Evoke: Wand              |       |       |    37 |    14 ||    51
       Phantom mirror    |       |       |       |     1 ||     1
  Use: Scroll            |     6 |     5 |     9 |    15 ||    35
       Potion            |     2 |     1 |    13 |     7 ||    23
 Stab: Sleeping          |     1 |       |       |       ||     1
       Distracted        |       |     1 |       |     2 ||     3
       Invisible         |       |       |     2 |       ||     2
       Paralysed         |       |       |       |    19 ||    19
Armor: Robe              |     1 |       |       |       ||     1
       Plate armour      |    96 |   225 |   256 |   421 ||   998
       Skin              |       |       |   101 |       ||   101
Dodge: Dodged            |    28 |    68 |   121 |   224 ||   441
